 Dungeon Crawl Stone Soup version 0.28.0-53-g5a82cb258f (webtiles) character file.

Game seed: 15074795306348590850

616 safid the Cleaver (level 7, -3/59 HPs)
             Began as a Hill Orc Fighter on July 10, 2022.
             Slain by Duvessa
             ... wielding a +0 short sword
              (9 damage)
             ... on level 5 of the Dungeon.
             The game lasted 00:04:25 (3793 turns).

safid the Cleaver (Hill Orc Fighter)                Turns: 3793, Time: 00:04:26

Health: -3/59      AC: 13    Str: 21    XL:     7   Next: 45%
Magic:  7/7        EV:  9    Int:  4    God:
Gold:   175        SH:  5    Dex: 15    Spells: 6/6 levels left

rFire   . . .      SeeInvis .   a - +0 war axe
rCold   . . .      Faith    .   c - +0 buckler
rNeg    . . .      Spirit   .   b - +0 scale mail
rPois   .          Reflect  .   (no helmet)
rElec   .          Harm     .   v - +1 cloak of Disaster {Int-4 Dex+5}
rCorr   +          Rampage  .   (no gloves)
Will    .....                   (no boots)
Stlth   ..........              (no amulet)
HPRegen 0.19/turn               i - ring of resist corrosion
MPRegen 0.10/turn               m - +4 ring of protection

@: no status effects
A: no striking features
a: no special abilities


You were on level 5 of the Dungeon.
You visited 1 branch of the dungeon, and saw 5 of its levels.

You collected 175 gold pieces.

Inventory:

Hand Weapons
 a - a +0 war axe (weapon)
Missiles
 h - 7 poisoned darts (quivered)
 p - 4 javelins
Armour
 b - a +0 scale mail (worn)
 c - a +0 buckler (worn)
 v - the +1 cloak of Disaster (worn) {Int-4 Dex+5}
   (You found it on level 4 of the Dungeon)

   Int:       It affects your intelligence (-4).
   Dex:       It affects your dexterity (+5).
Jewellery
 i - a ring of resist corrosion (left hand)
 m - a +4 ring of protection (right hand)
Wands
 n - a wand of iceblast (15)
 q - a wand of mindburst (11)
 u - a wand of digging (6)
Scrolls
 e - 2 scrolls of holy word {unknown}
 f - 5 scrolls of identify {unknown}
 k - a scroll of silence {unknown}
 r - a scroll of amnesia {unknown}
 s - a scroll of teleportation {unknown}
 w - a scroll of fog {unknown}
Potions
 d - a potion of might
 g - 3 potions of lignification {unknown}
 j - 3 potions of haste {unknown}
 l - 2 potions of curing {unknown}
 o - 2 potions of mutation {unknown}
 t - a potion of cancellation {unknown}


   Skills:
 - Level 4.0 Fighting
 + Level 9.7 Axes
 - Level 4.0 Armour
 - Level 4.0 Shields


You had 6 spell levels left.
You didn't know any spells.
Your spell library contained the following spells:

 Spells                   Type           Power      Damage    Failure   Level
 Slow                     Hex            0%         N/A       89%         1
 Confusing Touch          Hex            0%         N/A       99%         3
 Vampiric Draining        Necr           0%         2d6       99%         3


Dungeon Overview and Level Annotations

Branches:
Dungeon (5/15)
 Temple: D:4-7

Altars:

Annotations:
D:5 Duvessa


Message History

You slash Dowan!
Dowan says, "My weaknesses are her strengths!"
Dowan casts a spell at you. You resist with some effort.
You hit Dowan.
Dowan is moderately wounded.
Dowan hits you but does no damage.
You slash Dowan!
Dowan is severely wounded.
You block Dowan's attack. Dowan hits you but does no damage.
You hit Dowan.
Dowan is almost dead.
You block Dowan's attack.
You closely miss Dowan.
Dowan is almost dead.
You block Dowan's attack.
You slash Dowan!
You kill Dowan!
You hear a distant scream of rage.
Things that are here:
a +0 dagger; a +0 robe You start resting.
Duvessa, Sister of Dowan comes into view.
She is wielding a +0 short sword and wearing a +0 scale mail of willpower.
Duvessa shouts!
Duvessa goes berserk!
You see here a hound corpse.
You closely miss Duvessa. Duvessa hits you but does no damage.
Duvessa hits you with a +0 short sword!
You slash Duvessa!
Duvessa is lightly wounded.
Duvessa hits you with a +0 short sword! Duvessa hits you but does no damage.
You hit Duvessa but do no damage.
Duvessa is lightly wounded.
Duvessa closely misses you.
You slash Duvessa!
Duvessa is moderately wounded.
Duvessa hits you with a +0 short sword!
* * * LOW HITPOINT WARNING * * *
Duvessa hits you with a +0 short sword!
You die...

ยง.......####### #..#
#.............# #..###
#....o........#####....##
#........................
......(.................
....#####..######.#.##
#..# #..# #.#.##
..###..#####..# #.#.##
#.......e@)....######.#.##
##.##########.........#.##
########..########.##
...................#
####################


You could see Duvessa (berserk).

Vanquished Creatures
  2 ogres (D:4)
  2 scorpions (D:4)
  Dowan (D:5)
  2 hounds
  Terence (D:2)
  2 orc wizards (D:3)
  5 adders
  A white imp (D:5)
  An ufetubus (D:4)
  A worm (D:2)
  2 dart slugs (D:2)
  5 orcs
  8 bats
  9 endoplasms
  2 giant cockroaches
  6 hobgoblins
  A jackal (D:2)
  12 kobolds
  3 quokkas
  5 ball pythons
  3 frilled lizards
  5 goblins
  3 rats
82 creatures vanquished.

Notes
Turn   | Place    | Note
-------+----------+-------------------------------------------
     0 | D:1      | safid the Hill Orc Fighter began the quest for the Orb.
     0 | D:1      | Reached XP level 1. HP: 19/19 MP: 1/1
   200 | D:1      | Reached XP level 2. HP: 27/27 MP: 2/2
   249 | D:1      | Reached skill level 3 in Axes
   295 | D:1      | Found a faded altar of an unknown god.
   690 | D:2      | Reached XP level 3. HP: 17/33 MP: 3/3
  1362 | D:2      | Reached XP level 4. HP: 34/40 MP: 4/4
  1549 | D:2      | Noticed Terence
  1562 | D:2      | Killed Terence
  1563 | D:2      | Reached skill level 4 in Axes
  1756 | D:2      | Reached skill level 5 in Axes
  2076 | D:3      | Reached XP level 5. HP: 44/46 MP: 5/5
  2113 | D:3      | Reached skill level 6 in Axes
  2774 | D:4      | Noticed an ogre
  2783 | D:4      | Killed an ogre
  2784 | D:4      | Reached skill level 7 in Axes
  2784 | D:4      | Reached XP level 6. HP: 40/52 MP: 6/6
  2944 | D:4      | Reached skill level 8 in Axes
  3306 | D:4      | Identified the +1 cloak of Disaster {Int-4 Dex+5}
  3408 | D:4      | Reached XP level 7. HP: 59/59 MP: 7/7
  3449 | D:4      | Reached skill level 9 in Axes
  3606 | D:5      | Entered Level 5 of the Dungeon
  3695 | D:5      | Noticed Dowan
  3718 | D:5      | Killed Dowan
  3788 | D:5      | Noticed Duvessa
  3793 | D:5      | Slain by Duvessa

Illustrated notes

Levels and vault maps discovered:
D:1:      minmay_arrival_hallway, layout_basic, basic_ecumenical_altar,
          eino_curves_03
D:2:      minmay_angry_zag, layout_basic, uniq_terence
D:3:      layout_rooms
D:4:      layout_loops_ring
D:5:      layout_loops_ring, gammafunk_ghost_mausoleum,
          amcnicky_mini_pool_small, kennysheep_generic_room_8, uniq_pikel,
          uniq_duvessa, uniq_ijyb, uniq_crazy_yiuf_cottage

Skill      XL: |  1  2  3  4  5  6  7 |
---------------+----------------------+-----
Axes           | 3 5 7 8 9 |  9.7
Fighting       | 4 |  4.0
Armour         | 4 |  4.0
Shields        | 4 |  4.0

Action                   |  1- 3 |  4- 6 |  7- 9 || total
-------------------------+-------+-------+-------++-------
Melee: War axe           |    78 |   135 |    28 ||   241
Throw: Dart              |       |     7 |       ||     7
Armor: Scale mail        |    41 |    75 |     8 ||   124
Dodge: Dodged            |    23 |    43 |     6 ||    72
Block: Buckler           |    16 |    25 |     8 ||    49
